← All builds
Tech / Armada / Economy first / OBSERVED BUILD

Standard tech

Armada Tech (Eco) build order · Supreme Isthmus

Rushes T2 by 4:15, gets Advanced Metal Extractor around 5:28, hands off T2 constructors to Geo and the team, then scales eco and supplies the team's T2 needs through the rest of the game.

Usually first T2 con to Geo (83%)

#eco #t2 #team support · 1602 distinct matches · 255 players · 60% of Armada Tech games · team won 53% of 1912 · Recently observed

HOW TO PLAY IT

Key timing: T2 factory by 4:15

  1. Open 3 mex and heavy wind to fund a fast T2 rush.
  2. Put down Bot Lab, planning to eat it for reclaim soon after.
  3. Get Advanced Bot Lab up, hitting the T2 factory rush timing.
  4. Upgrade mex to Advanced Metal Extractor to lock in team metal income.
  5. Eat Advanced Bot Lab and keep sending cons to Geo and Pond.

Phase by phase

TYPICAL OF ITS 1602 GAMES
  1. 1
  2. 2
  3. 3
  4. 4
PLAY THE OPENING

Follow the example game's first 6:00 step by step: what to build now, what comes next, and where it goes. At 1× it keeps pace with your own game.

  1. 1

    Up to the Bot Lab

    Economy
    • Metal Extractor3Mex
    • Wind Turbine4Wind
    Order
    1. Bot LabBot Lab after 3 mex, 4 winddone ~1:18, middle half 1:13–1:32

    Some games also: energy storage (31%)

    By 1:01 in all: 3 mex · 4 wind

    The example game in this phase · 4 steps
    1. Mex ×3
    2. Wind ×4
    3. Energy storage
    4. Bot LabBot Labdone 1:31 · typical 1:18
  2. 2

    Bot Lab to Advanced Bot Lab

    Economy
    • Metal Extractor1Mex
    • Wind Turbine8Wind
    • Energy Storage1Energy storage
    Order
    1. Advanced Bot LabAdvanced Bot Lab after 4 mex, 12 wind, 3 con turretdone ~4:16, middle half 4:04–4:30
    Builders
    • Construction Turret3 Con turret
    • Lazarus3 Lazarus
    • Construction Bot2 Con bot
    • Construction Bot1 Con bot for allies

    Some games also: converter (36%)

    By 3:18 in all: 4 mex · 12 wind · 1 energy storage · 3 con turret

    The example game in this phase · 16 steps
    1. Construction BotCon bot
    2. LazarusLazarus ×2
    3. Construction BotCon botfor Air
    4. Wind
    5. Mex
    6. LazarusLazarus
    7. Wind
    8. LazarusLazarus
    9. Construction BotCon bot ×2
    10. Wind
    11. Con turret
    12. Wind
    13. Con turret
    14. Wind
    15. Con turret
    16. Advanced Bot LabAdvanced Bot Labdone 4:01 · typical 4:16
  3. 3

    Advanced Bot Lab to 5:00

    Economy
    • Wind Turbine3Wind
    Order
    1. Bot LabEat Bot Lab
    Builders
    • Advanced Construction Bot1 T2 con bot for allies

    Some games also: converter (35%)

    By 5:00 in all: 4 mex · 15 wind · 1 converter · 1 energy storage · 3 con turret

    The example game in this phase · 15 steps
    1. Bot LabEat Bot Labreclaimed for its metal
    2. Wind
    3. Converter
    4. Wind ×2
    5. Advanced Construction BotT2 con botfor Geo
    6. Wind
    7. Converter
    8. Wind
    9. Advanced Metal ExtractorT2 mexdone 5:16 · typical 5:29
    10. Wind
    11. Converter
    12. Wind ×4
    13. Advanced Construction BotT2 con botfor Air
    14. Converter
    15. Wind ×5
  4. 4

    5:00 to 10:00

    Economy
    • Wind Turbine43Wind
    • Energy Converter6Converter
    Builders
    • Butler9 Butler
    • Advanced Construction Bot4 T2 con bot for allies
    • Advanced Construction Bot1 T2 con bot

    Some games also: con turret (43%) · Butler for allies (37%)

    By 10:00 in all: 4 mex · 58 wind · 8 converter · 1 energy storage · 3 con turret

    The example game in this phase · 265 steps
    1. Wind
    2. Converter
    3. Wind ×2
    4. SharpshooterSniper botfor Ponddone 5:52
    5. Wind ×3
    6. Converter
    7. SharpshooterSniper botfor Pond
    8. Wind ×3
    9. Converter
    10. SharpshooterSniper botfor Pond
    11. Wind
    12. Converter
    13. Wind
    14. Advanced Construction BotT2 con botfor Geo sea
    15. Converter
    16. Wind
    17. Energy storage
    18. Wind ×3
    19. Advanced Metal ExtractorT2 mex
    20. Wind
    21. Converter
    22. ButlerButler
    23. Wind
    24. Advanced Metal ExtractorT2 mex
    25. ButlerButler ×2
    26. Advanced Construction BotT2 con botfor Pond
    27. Converter
    28. Wind ×2
    29. Converter
    30. Wind
    31. Con turret
    32. ButlerButler ×2
    33. Wind
    34. Converter
    35. Wind
    36. ButlerButler
    37. Wind
    38. Converter
    39. Wind ×2
    40. Converter
    41. Wind
    42. Advanced Metal ExtractorT2 mex
    43. Wind
    44. Converter
    45. Wind ×2
    46. Converter
    47. Wind ×2
    48. Converter
    49. Wind
    50. SharpshooterSniper botfor Pond
    51. Advanced Construction BotT2 con bot
    52. Converter
    53. ButlerButler
    54. Advanced Construction BotT2 con botfor Beach sea
    55. Wind ×3
    56. ButlerButler
    57. Wind ×3
    58. ButlerButler
    59. Wind ×3
    60. ButlerButler
    61. Wind ×3
    62. Converter
    63. ButlerButler
    64. Wind ×5
    65. Converter
    66. Wind ×5
    67. Converter
    68. Wind ×2
    69. Advanced Construction BotT2 con bot
    70. Wind ×2
    71. Converter
    72. Wind ×2
    73. Converter
    74. Wind
    75. PlatypusPlatypus
    76. Wind ×2
    77. Converter ×2
    78. Wind
    79. PlatypusPlatypus
    80. Wind ×2
    81. Converter
    82. Wind
    83. PlatypusPlatypus
    84. Wind ×2
    85. Converter
    86. PlatypusPlatypus
    87. Wind ×3
    88. Converter
    89. PlatypusPlatypus
    90. Wind
    91. Converter
    92. Wind ×2
    93. PlatypusPlatypus
    94. Wind
    95. Con turret
    96. Wind ×2
    97. PlatypusPlatypus
    98. Converter
    99. Wind ×3
    100. PlatypusPlatypus
    101. Converter ×2
    102. Wind ×2
    103. PlatypusPlatypus
    104. Wind
    105. Converter
    106. PlatypusPlatypus
    107. Wind ×3
    108. Converter
    109. PlatypusPlatypus
    110. Aircraft PlantAircraft Plantdone 11:16
    111. Wind ×3
    112. Converter
    113. Wind ×3
    114. PlatypusPlatypus
    115. Converter
    116. Wind ×2
    117. Converter
    118. Wind ×3
    119. Converter ×2
    120. Wind
    121. Construction AircraftCon aircraft
    122. Wind ×2
    123. Advanced Bot LabEat Advanced Bot Labreclaimed for its metal
    124. Converter
    125. Wind
    126. BlinkScout planefor Air
    127. Wind ×2
    128. FalconFighter
    129. Converter
    130. Construction AircraftCon aircraft
    131. Wind
    132. FalconFighterfor Air
    133. Wind
    134. Converter
    135. Wind
    136. FalconFighter
    137. Construction AircraftCon aircraftfor Beach sea
    138. Wind ×2
    139. Construction AircraftCon aircraftfor Beach sea
    140. Converter
    141. Wind ×2
    142. FalconFighterfor Air
    143. Wind
    144. FalconFighterfor Air
    145. Converter
    146. Wind ×2
    147. FalconFighterfor Air
    148. Converter
    149. Wind
    150. FalconFighterfor Air
    151. Converter
    152. Wind ×2
    153. FalconFighterfor Air
    154. Con turret
    155. Converter
    156. Wind ×3
    157. FalconFighterfor Air
    158. Con turret
    159. Wind
    160. Converter
    161. Wind ×2
    162. FalconFighterfor Air
    163. Con turret
    164. Wind
    165. Converter
    166. Wind ×2
    167. FalconFighterfor Air
    168. Con turret
    169. Wind
    170. Converter
    171. Wind ×2
    172. FalconFighterfor Air
    173. Con turret
    174. Converter ×2
    175. Wind
    176. FalconFighterfor Air
    177. Wind ×2
    178. Converter
    179. FalconFighterfor Air
    180. Wind
    181. FalconFighter ×2for Air
    182. Converter
    183. Wind ×2
    184. FalconFighter ×2for Air
    185. Wind
    186. Converter
    187. FalconFighterfor Air
    188. Wind ×2
    189. FalconFighter ×2for Air
    190. Wind
    191. Converter
    192. FalconFighterfor Air
    193. Wind ×3
    194. Converter
    195. Wind ×2
    196. Converter
    197. Wind ×3
    198. Converter
    199. Wind
    200. Converter
    201. Wind ×5
    202. BlinkScout planefor Air
    203. Aircraft PlantAircraft Plantdone 13:12
    204. FalconFighterfor Air
    205. Wind ×2
    206. BlinkScout planefor Air
    207. FalconFighter ×4for Air
    208. Wind ×2
    209. FalconFighter ×2for Air
    210. Wind
    211. FalconFighterfor Air
    212. Wind ×2
    213. FalconFighter ×2for Air
    214. Wind
    215. FalconFighterfor Air
    216. Con turret
    217. Wind ×2
    218. Con turret ×2
    219. FalconFighterfor Air
    220. Wind ×2
    221. FalconFighterfor Air
    222. Wind
    223. Con turret
    224. FalconFighterfor Air
    225. Wind ×3
    226. FalconFighter ×2for Air
    227. Con turret ×2
    228. FalconFighterfor Air
    229. Wind ×3
    230. FalconFighterfor Air
    231. Con turret
    232. FalconFighterfor Air
    233. Con turret
    234. Wind ×3
    235. FalconFighter ×5for Air
    236. Wind ×2
    237. FalconFighter ×2for Air
    238. Wind
    239. FalconFighter ×3for Air
    240. Wind
    241. FalconFighter ×2for Air
    242. Wind ×2
    243. FalconFighter ×5for Air
    244. Wind ×3
    245. BlinkScout planefor Air
    246. FalconFighterfor Air
    247. FalconFighter ×3
    248. Wind ×3
    249. Aircraft PlantEat Aircraft Plantreclaimed for its metal
    250. Aircraft PlantEat Aircraft Plantreclaimed for its metal
    251. Wind ×4
    252. Fusion ReactorFusionnot finished by 15:00
    253. Wind ×2
    254. Con turret ×2
    255. Wind ×2
    256. Con turret
    257. Wind
    258. Con turret
    259. Wind ×2
    260. Converter
    261. Wind ×4
    262. Converter
    263. Wind ×2
    264. Converter
    265. Wind

Counts are medians over the build's games: half of them build more, half fewer. The example game is [Crd]HahnII's (31 OS, 14/10/2026); pick another.

Team trades

IN AT LEAST 30% OF ITS GAMES

You hand over

  • Construction Bot1 Con bot to Airfirst at 2:23 · in 84% of games
  • Advanced Construction Bot5 T2 con bot to Air or Geo sea or Pondfirst at 4:50 · in 99% of games
  • Butler2 Butler to Geo sea or Beach sea or Pondfirst at 9:06 · in 42% of games

You get

  • Hercules1 Light transport from Airfirst at 4:01 · in 86% of games

How it plays out

Typical game of this build, running totals by minute

Metal produced

020k40k
0:005:0010:0015:00

metal

Enemy metal destroyed

050100150
0:005:0010:0015:00

metal

Own metal lost

050100150
0:005:0010:0015:00

metal

1912 games.

Show as table
ByMetal produced: This buildEnemy metal destroyed: This buildOwn metal lost: This build
1:0038300
2:0091500
3:00165200
4:00314400
5:00484800
6:00579900
7:00722700
8:00906500
9:001118000
10:001352000
11:001624200
12:001965200
13:002343000
14:0027286074
15:0031503108130
WHAT THE NUMBERS SAY

Standard Tech play barely fights at all early, instead pouring metal into T2 infrastructure and constructors for the team.

  • + Metal produced hits 31679 by 15:00, by far the highest of any role here.
  • + T2 factory reached in 97% of games by 4:15, fastest and most reliable T2 timing.
  • − Enemy metal destroyed stays at 0 through 10:00, no early offense at all.
  • − Own metal lost also near 0, showing total avoidance of combat risk.
THE EXAMPLE YOU ARE READING

[Crd]HahnII

30.9 OS · 14/10/2026

Open source match ↗

1 received units
3633 metal received · 156851 energy received

Allied construction assistance is unknown. Timings are observations, not a promise of solo reproducibility.

Typical milestones

Bot Lab1:18Middle 50%: 1:13–1:32 · n=1912
Advanced Bot Lab4:16Middle 50%: 4:04–4:30 · n=1905
Advanced Metal Extractor5:29Middle 50%: 5:05–5:59 · n=1908

Played most by

Amrissa97games of this buildTheGeneraI70games of this buildAdeus57games of this buildEl_Turco55games of this buildKOT_44games of this build
Standard tech · Armada Tech (Eco) build order · BAR Build Atlas